 Dungeon Crawl Stone Soup version 0.26-a0-778-g3fe0686644 (webtiles) character file.

Game seed: 5513251174489686420

46103 mhtbhm the Bludgeoner (level 14, -8/88 HPs)
             Began as a Gargoyle Berserker on Nov 10, 2020.
             Was the Champion of Trog.
             Killed from afar by a lava snake (18 damage)
             ... with a glob of lava
             ... on level 6 of the Lair of Beasts.
             The game lasted 00:22:35 (17807 turns).

mhtbhm the Bludgeoner (Gargoyle Berserker)         Turns: 17807, Time: 00:22:36

Health: -8/88      AC: 32    Str: 32    XL:     14   Next: 36%
Magic:  14/14      EV:  9    Int:  9    God:    Trog [******]
Gold:   637        SH: 14    Dex:  9    Spells: 13/13 levels left

rFire    . . .     SeeInvis .   a - +2 morningstar (freeze)
rCold    . . .     Faith    +   r - +0 kite shield
rNeg     + . .     Spirit   .   b - +0 plate armour
rPois    ∞         Reflect  .   T - +2 hat {Int+3}
rElec    +         Harm     .   (no cloak)
rCorr    .         Rampage  .   (no gloves)
MR       ++...                  j - +0 pair of boots
Stlth    ..........             Q - amulet of faith
HPRegen  0.24/turn              y - +4 ring of protection
MPRegen  0.14/turn              O - +6 ring of strength (curse)

@: berserk cooldown, slowed, very slow
A: big wings, talons 1, dopey 1, magic resistance 1, negative energy resistance
1, electricity resistance, unbreathing, petrification resistance, rot immunity,
MP-powered wands, AC +10
a: Fly, Berserk, Trog's Hand, Brothers in Arms, Renounce Religion


You were on level 6 of the Lair of Beasts.
You worshipped Trog.
Trog was exalted by your worship.
You visited 2 branches of the dungeon, and saw 15 of its levels.

You collected 1110 gold pieces.
You spent 473 gold pieces at shops.

Inventory:

Hand Weapons
 a - a +2 morningstar of freezing (weapon)
Armour
 b - a +0 plate armour (worn)
 j - a +0 pair of boots (worn)
 r - a +0 kite shield (worn)
 T - a +2 hat of intelligence (worn)
Jewellery
 i - an uncursed ring of protection from magic
 y - a +4 ring of protection (left hand)
 A - a +4 ring of evasion
 F - an uncursed ring of protection from fire
 K - an uncursed ring of protection from cold
 O - a cursed +6 ring of strength (right hand)
 Q - an amulet of faith (around neck)
Wands
 h - a wand of flame (17)
 t - a wand of iceblast (32)
 x - a wand of random effects (14)
 D - a wand of paralysis (3)
 E - a wand of digging (6)
 J - a wand of acid (7)
Scrolls
 d - a scroll of holy word
 g - 7 scrolls of teleportation
 l - 8 scrolls of enchant weapon
 m - 4 scrolls of remove curse
 p - 3 scrolls of fog
 q - 4 scrolls of enchant armour
 s - 5 scrolls of magic mapping
 B - a scroll of brand weapon
 G - 2 scrolls of fear
 L - 2 scrolls of immolation {unknown}
 M - a scroll of vulnerability {unknown}
Potions
 c - 2 potions of ambrosia
 e - 5 potions of lignification
 f - 4 potions of invisibility
 k - 6 potions of haste
 n - 4 potions of might
 u - 8 potions of heal wounds
 v - a potion of resistance
 w - 3 potions of curing
 z - 5 potions of attraction
 H - a potion of magic
 N - a potion of degeneration {unknown}
 P - a potion of cancellation {unknown}
 R - a potion of flight {unknown}
Miscellaneous
 I - a lightning rod (4/4)


   Skills:
 + Level 10.8 Fighting
 + Level 15.6 Maces & Flails
 + Level 11.1 Armour
 + Level 3.0 Dodging
 + Level 3.9 Stealth
 + Level 12.8 Shields
 + Level 0.1 Evocations


You had 13 spell levels left.
You didn't know any spells.
Your spell library was empty.

Dungeon Overview and Level Annotations

Branches:
Dungeon (9/15)             Temple (0/1) D:4            Lair (6/6) D:9
  Swamp (0/4) Lair:2        Snake (0/4) Lair:3        Slime (0/5) Lair:6
    Orc: D:9-12

Altars:
Cheibriados
Dithmenos
Gozag
Hepliaklqana
Makhleb
Nemelex Xobeh
Okawaru
Qazlal
Sif Muna
Trog
Vehumet
Wu Jian
Zin
The Shining One

Shops:
D:4 [   D:5 (   D:6 :}(*?   D:8 ?

Annotations:
Lair:6 2 runed translucent doors


Innate Abilities, Weirdness & Mutations

You are resistant to torment.
Your stone body is resilient. (AC +10)
You are immune to poison.
Your large and strong wings let you fly indefinitely.
You resist negative energy. (rN+)
You are resistant to electric shocks. (rElec)
You can survive without breathing.
You are immune to petrification.
You are immune to rotting.
You have sharp toenails.
You are dopey. (Int -2)
You are resistant to hostile enchantments. (MR+)
You expend magic power (3 MP) to strengthen your wands.


Message History

You are too injured to fight recklessly!
You are too injured to fight recklessly!
You are too injured to fight recklessly!
You are too injured to fight recklessly!
You are too injured to fight recklessly!
You are too injured to fight recklessly!
You are too injured to fight recklessly!
You are too injured to fight recklessly!
The lava snake spits lava at you.
The glob of lava hits you but does no damage.
The lava snake spits lava at you. The glob of lava hits you!
* * * LOW HITPOINT WARNING * * *
The lava snake bites you.
* * * LOW HITPOINT WARNING * * *
You are engulfed in flames.
* * * LOW HITPOINT WARNING * * *
The lava snake spits lava at you. The glob of lava hits you!!
You die...

.#...†.........
.###...........
#....)†......#
##..........
..........####
##..P....††
.......#### ##PP(.....
......## ####
#.P...... .....##
#§≈### #........
...### ≈S≈≈###
##....... .###
##.S§≈≈# ####.... ##
#≈ #≈ ######.@..§≈§8
##... ## ≈§§#≈
#8#8#.......§≈# ##..
.# #§#≈
##........###≈§ #..
.## #≈≈≈##..........8#
##.. ..#
#≈§≈##.........## #...
..# #§§#†..........8
#... ###
###≈§)#.........##
#...
######8##..#........##
#...
#8#8..#..###..≈..###
##..


You could see 2 lava snakes.

Vanquished Creatures
  Rupert (Lair:3)
  The ghost of Ypehuijo the Spear-Bearer, a journeyman OpFi of Gozag (Lair:5)
  3 hydras
  2 catoblepae (Lair:3)
  Erica (D:8)
  A death yak (Lair:4)
  A fire crab (Lair:6)
  2 oklob plants (Lair:6)
  A salamander (Lair:5)
  A moth of wrath (Lair:5)
  6 black mambas
  7 elephants
  2 molten gargoyles (Lair:6)
  A gargoyle (D:8)
  12 cane toads
  2 rime drakes
  15 komodo dragons
  2 polar bears (Lair:5)
  7 dream sheep (Lair:6)
  12 blink frogs
  6 wyverns
  3 fire bats (Lair:5)
  54 yaks
  Eustachio (D:4)
  7 basilisks
  28 water moccasins
  4 hell hounds (Lair:6)
  3 orc warriors
  A hornet zombie (D:8)
  2 black bears
  A phantom (D:7)
  25 wolves
  2 centaurs (D:9)
  23 bullfrogs
  A wyvern skeleton (D:8)
  2 scorpions
  3 killer bees (D:7)
  A howler monkey (D:5)
  4 wights (D:6)
  An electric eel (Lair:3)
  3 lava snakes (Lair:6)
  A bullfrog zombie (D:5)
  2 centaur zombies
  2 hounds
  A bullfrog skeleton (D:4)
  4 orc priests
  A centaur skeleton (D:9)
  5 iguanas
  Natasha (thrice) (D:4)
  7 orc wizards
  4 worker ants
  2 hound skeletons
  A worker ant zombie (D:9)
  A gnoll (D:5)
  9 adders
  2 shadow imps
  2 white imps
  2 ufetubi
  An adder skeleton (D:5)
  An adder zombie (D:8)
  A worm (D:4)
  4 dart slugs
  5 leopard geckos
  28 orcs
  2 ball pythons
  8 bats
  A giant cockroach (D:3)
  9 goblins
  6 hobgoblins
  9 jackals
  4 quokkas
  A ball python skeleton (D:4)
  3 frilled lizards
  A jackal skeleton (D:5)
  8 kobolds
  A leopard gecko zombie (D:5)
  A quokka zombie (D:5)
  6 rats
404 creatures vanquished.

Vanquished Creatures (others)
  23 fungi
  34 plants
57 creatures vanquished.

Grand Total: 461 creatures vanquished

Notes
Turn   | Place    | Note
-------+----------+-------------------------------------------
     0 | D:1      | mhtbhm the Gargoyle Berserker began the quest for the Orb.
     0 | D:1      | Reached XP level 1. HP: 14/14 MP: 1/1
   203 | D:1      | Reached XP level 2. HP: 8/19 MP: 2/2
   786 | D:1      | Reached XP level 3. HP: 20/24 MP: 3/3
   994 | D:2      | Reached ** piety under Trog
  1162 | D:2      | Found an opulent altar of Gozag.
  1163 | D:2      | Found a glowing silver altar of Zin.
  1209 | D:2      | You fall into a shaft and drop 1 floor!
  1209 | D:3      | Found a stormy altar of Qazlal.
  1209 | D:3      | Noticed an earth elemental
  1209 | D:3      | Noticed an air elemental
  1209 | D:3      | Noticed a water elemental
  1209 | D:3      | Noticed a fire elemental
  1290 | D:3      | Reached XP level 4. HP: 26/29 MP: 4/4
  1492 | D:3      | Found a hazy altar of Hepliaklqana.
  1511 | D:3      | Found a glowing golden altar of the Shining One.
  1619 | D:3      | Reached skill level 4 in Maces & Flails
  1701 | D:3      | Found a shadowy altar of Dithmenos.
  1702 | D:3      | Found a radiant altar of Vehumet.
  2205 | D:3      | Found an iron altar of Okawaru.
  2403 | D:2      | Found a shimmering blue altar of Sif Muna.
  2482 | D:2      | Found a bloodstained altar of Trog.
  2493 | D:2      | Reached XP level 5. HP: 33/33 MP: 5/5
  2549 | D:4      | Noticed Natasha
  2559 | D:4      | Killed Natasha
  2559 | D:4      | Reached skill level 1 in Shields
  2675 | D:4      | Reached *** piety under Trog
  2712 | D:4      | Found Peypn's Armour Shoppe.
  2769 | D:4      | Reached XP level 6. HP: 20/39 MP: 6/6
  3056 | D:4      | Found a staircase to the Ecumenical Temple.
  3059 | D:4      | Noticed Eustachio
  3116 | D:4      | Killed Eustachio
  3116 | D:4      | Reached skill level 5 in Maces & Flails
  3450 | D:4      | Noticed a black bear
  3459 | D:4      | Killed a black bear
  3459 | D:4      | Reached XP level 7. HP: 44/44 MP: 7/7
  3465 | D:4      | Found a burning altar of Makhleb.
  3578 | D:4      | Noticed Natasha
  3588 | D:4      | Killed Natasha
  3608 | D:4      | Noticed Natasha
  3617 | D:4      | Killed Natasha
  3861 | D:5      | Entered Level 5 of the Dungeon
  4015 | D:5      | Found Iclezis's Antique Weapon Boutique.
  4161 | D:5      | You fall into a shaft and drop 2 floors!
  4198 | D:7      | Reached skill level 6 in Maces & Flails
  4209 | D:7      | Reached skill level 5 in Shields
  4209 | D:7      | Reached XP level 8. HP: 45/48 MP: 8/8
  4264 | D:7      | Reached **** piety under Trog
  4392 | D:7      | Found an ornate altar of the Wu Jian Council.
  4487 | D:7      | Reached skill level 7 in Maces & Flails
  4491 | D:7      | Reached skill level 5 in Fighting
  5462 | D:7      | Gained mutation: You are dopey. (Int -2) [potion of
                  | mutation]
  5462 | D:7      | Gained mutation: You are resistant to hostile enchantments.
                  | (MR+) [potion of mutation]
  5462 | D:7      | Gained mutation: You have sharp toenails. [potion of
                  | mutation]
  5462 | D:7      | Gained mutation: You expend magic power (3 MP) to
                  | strengthen your wands. [potion of mutation]
  5539 | D:6      | Found Reteonkain's Gadget Emporium.
  5544 | D:6      | Reached skill level 8 in Maces & Flails
  5544 | D:6      | Reached XP level 9. HP: 54/54 MP: 9/9
  5546 | D:6      | Found a snail-covered altar of Cheibriados.
  5565 | D:6      | Reached skill level 5 in Armour
  5857 | D:6      | Found Nilen's Antique Weapon Emporium.
  6175 | D:6      | Found Cukaxaun's Magic Scroll Shop.
  6181 | D:6      | Bought a scroll of holy word for 112 gold pieces
  6181 | D:6      | Bought a scroll of identify for 30 gold pieces
  6181 | D:6      | Bought a scroll of identify for 30 gold pieces
  6181 | D:6      | Bought a scroll of teleportation for 45 gold pieces
  6181 | D:6      | Bought a scroll of enchant armour for 112 gold pieces
  6183 | D:6      | Bought a scroll of identify for 30 gold pieces
  6183 | D:6      | Bought a scroll of identify for 30 gold pieces
  6183 | D:6      | Bought a scroll of identify for 30 gold pieces
  6183 | D:6      | Bought a scroll of identify for 30 gold pieces
  6221 | D:6      | Found Peahecs's Assorted Antiques.
  6384 | D:6      | Found Zadwatiej's Book Shoppe.
  6581 | D:5      | Found a shadowy altar of Dithmenos.
  6763 | D:5      | Found a sparkling altar of Nemelex Xobeh.
  6923 | D:8      | Reached skill level 9 in Maces & Flails
  6965 | D:8      | Reached ***** piety under Trog
  7234 | D:8      | Found Hociarr's Magic Scroll Shoppe.
  7241 | D:8      | Bought a scroll of identify for 24 gold pieces
  7575 | D:8      | Noticed a gargoyle
  7582 | D:8      | Killed a gargoyle
  7582 | D:8      | Reached skill level 10 in Maces & Flails
  7939 | D:8      | Noticed Erica
  7960 | D:8      | Killed Erica
  7960 | D:8      | Reached XP level 10. HP: 43/60 MP: 10/10
  8411 | D:9      | Found a staircase to the Lair.
  9071 | Lair:1   | Entered Level 1 of the Lair of Beasts
  9207 | Lair:1   | Noticed a cane toad
  9213 | Lair:1   | Killed a cane toad
  9213 | Lair:1   | Reached skill level 11 in Maces & Flails
  9388 | Lair:1   | Noticed a cane toad
  9422 | Lair:1   | Killed a cane toad
  9838 | Lair:1   | Reached XP level 11. HP: 46/67 MP: 11/11
 10691 | Lair:2   | Found a staircase to the Swamp.
 10727 | Lair:2   | Reached skill level 1 in Stealth
 11199 | Lair:3   | Reached skill level 12 in Maces & Flails
 11410 | Lair:3   | Found a staircase to the Snake Pit.
 11983 | Lair:3   | Noticed a catoblepas
 11984 | Lair:3   | Noticed Rupert
 11997 | Lair:3   | Killed a catoblepas
 12016 | Lair:3   | Killed Rupert
 12016 | Lair:3   | Reached XP level 12. HP: 61/75 MP: 12/12
 12028 | Lair:3   | Reached skill level 13 in Maces & Flails
 12943 | Lair:4   | Noticed a catoblepas
 12944 | Lair:4   | Noticed a death yak
 12965 | Lair:3   | Killed a catoblepas
 13206 | Lair:4   | Killed a death yak
 13209 | Lair:4   | Reached skill level 10 in Shields
 13306 | Lair:4   | Reached ****** piety under Trog
 14195 | Lair:4   | Reached skill level 10 in Armour
 14411 | Lair:4   | Reached XP level 13. HP: 66/80 MP: 13/13
 14424 | Lair:4   | Received a gift from Trog
 14673 | Lair:4   | Reached skill level 14 in Maces & Flails
 15594 | Lair:5   | Found a transporter.
 15598 | Lair:5   | Noticed Ypehuijo's ghost (journeyman OpFi)
 15613 | Lair:5   | Found a transporter.
 16168 | Lair:5   | Killed Ypehuijo's ghost
 16259 | Lair:6   | Entered Level 6 of the Lair of Beasts
 16267 | Lair:6   | Found a staircase to the Slime Pits.
 16446 | Lair:6   | Received a gift from Trog
 16448 | Lair:6   | Reached skill level 10 in Fighting
 16679 | Lair:6   | Reached skill level 15 in Maces & Flails
 17047 | Lair:6   | Gained mutation: Your large and strong wings let you fly
                  | indefinitely. [Gargoyle growth]
 17047 | Lair:6   | Reached XP level 14. HP: 88/88 MP: 14/14
 17687 | Lair:6   | Found a large runed translucent door.
 17759 | Lair:6   | Found a large runed translucent door.
 17807 | Lair:6   | Killed from afar by a lava snake

Illustrated notes

Levels and vault maps discovered:
D:1:      onia_arrival_mini_maze, layout_basic, grunt_decor_arrowhead,
          chequers_serial_rivers_micro_d
D:2:      layout_rooms, grunt_temple_overflow_gold_and_silver,
          old_standard_altar, led_sif_pool
D:3:      layout_basic, old_standard_altar, kennysheep_okawaru_gauntlet,
          chequers_temple_overflow_statue_of_worship,
          nicolae_overflow_crystal_walls, serial_bayou_pond_b, st_stairs_3,
          nicolae_qazlal_style_of_elements
D:4:      layout_loops_cross, lemuel_coloured_pillars_altar,
          minmay_temple_entry_crystal_x, serial_shops, nicolae_shop_stone,
          hex_tiny, kennysheep_flooded_box, minmay_checkerbox, uniq_natasha,
          uniq_eustachio
D:5:      layout_rooms, lemuel_doored_altar, serial_shops, shop_coins,
          serial_undead, serial_undead_a, serial_undead_a, serial_undead_a,
          serial_undead_a, st_stairs_3, nicolae_dithmenos_the_darkroom
D:6:      layout_basic, cheibriados_altar_1, serial_shops, shop_statue, shop,
          kennysheep_mini, nicolae_shop_trees, nicolae_shop_trees,
          serial_corexii_hall, corexii_hall_statues_i, corexii_hall_statues_i,
          chequers_hall_statues_y, corexii_hall_statues_x
D:7:      layout_cave_pools, lemuel_crystal_altar
D:8:      layout_layer_cave, serial_shops, shop, uniq_erica
D:9:      layout_loops_ring, dpeg_oklobed_lair
Lair:1:   layout_small_grid
Lair:2:   layout_regular_city, swamp_mist, grunt_megastairs_1
Lair:3:   layout_gridlike, minmay_snake_entry_six_corridors, uniq_rupert
Lair:4:   layout_gridlike, nicolae_lair_yak_garden, grunt_megastairs_2
Lair:5:   layout_gridlike, gammafunk_ghost_berserking_beasts
Lair:6:   cheibrodos_lair_end_hotspot, layout_hall_layers,
          minmay_slime_entry_oklob_open, chequers_serial_rivers_small_b

Skill      XL: |  1  2  3  4  5  6  7  8  9 10 11 12 13 14 |
---------------+-------------------------------------------+-----
Maces & Flails | 4 5 6 8 10 11 12 13 15 | 15.6
Armour         | 3 4 6 7 9 10 11 | 11.1
Fighting       | 4 5 6 7 8 9 10 | 10.8
Dodging        | 2 3 |  3.0
Shields        | 2 3 5 6 7 8 9 10 12 | 12.8
Stealth        | 3 |  3.9
Evocations     | |  0.1

Action                   |  1- 3 |  4- 6 |  7- 9 | 10-12 | 13-15 || total
-------------------------+-------+-------+-------+-------+-------++-------
Melee: Mace              |   129 |   264 |   286 |       |       ||   679
       Morningstar       |       |       |   171 |   626 |   500 ||  1297
Invok: Berserk           |     1 |     4 |     7 |     9 |     9 ||    30
Evoke: Wand              |       |     3 |     1 |       |       ||     4
       Lightning rod     |       |       |       |     1 |       ||     1
  Use: Potion            |       |     3 |     6 |       |       ||     9
       Scroll            |       |       |    18 |     4 |     3 ||    25
 Stab: Petrified         |       |       |       |    11 |       ||    11
       Petrifying        |       |       |       |     1 |       ||     1
Armor: Animal skin       |    21 |       |       |       |       ||    21
       Plate armour      |    76 |   378 |   330 |   430 |   250 ||  1464
Dodge: Dodged            |    82 |    84 |    97 |   190 |   118 ||   571
Block: Kite shield       |       |   185 |   254 |   425 |   288 ||  1152

Table legend: (Time is in decaauts)
 A = Elapsed time spent in this place.
 B = Non-inter-level travel time spent in this place.
 C = Inter-level travel time spent in this place.
 D = Time resting spent in this place.
 E = Time spent auto-exploring this place.
 F = Levels seen in this place.
 G = Mean time per level.
                   A        B        C        D        E       F      G
               +--------+--------+--------+--------+--------+-----+--------+
         Total |  18018 |  17988 |     30 |   4390 |   9461 |  15 | 1201.2 |
       Dungeon |   9313 |   9283 |     30 |   1708 |   5231 |   9 | 1034.8 |
          Lair |   8705 |   8705 |      0 |   2681 |   4230 |   6 | 1450.8 |
               +--------+--------+--------+--------+--------+-----+--------+

Top non-repeatable levels by time:
  Lair:3: 2198 daAuts
  Lair:6: 1515 daAuts
     D:8: 1512 daAuts
     D:7: 1443 daAuts
     D:4: 1382 daAuts
  Lair:4: 1378 daAuts
  Lair:1: 1361 daAuts
  Lair:2: 1181 daAuts
     D:3: 1122 daAuts
  Lair:5: 1071 daAuts
     D:6: 1045 daAuts
     D:1: 964 daAuts
     D:9: 660 daAuts
     D:5: 643 daAuts
     D:2: 538 daAuts
